 Dungeon Crawl Stone Soup version 0.30-a0-586-g23e55c9e0a (webtiles) character file.

Game seed: 10238844325285200435

36 Citaku the Covered (level 3, 0/33 HPs)
             Began as a Minotaur Fighter on Jan 3, 2023.
             Killed from afar by Sigmund (3 damage)
             ... with a magic dart
             ... on level 2 of the Dungeon.
             The game lasted 00:01:47 (990 turns).

Citaku the Covered (Minotaur Fighter)                Turns: 990, Time: 00:01:47

Health: 0/33       AC: 11    Str: 20    XL:     3   Next: 19%
Magic:  2/2        EV:  9    Int:  7    God:
Gold:   85         SH:  4    Dex:  9    Spells: 2/2 levels left

rFire   . . .      SeeInvis .    a - +0 war axe
rCold   . . .      Faith    .    c - +0 buckler
rNeg    . . .      Spirit   .    b - +0 scale mail
rPois   .          Reflect  .    (helmet restricted)
rElec   .          Harm     .    (no cloak)
rCorr   .          Rampage  .    (no gloves)
Will    .....                    (no boots) Stlth
                                 (no amulet)
HPRegen 0.25/turn                q - +4 ring of protection
MPRegen 0.08/turn                (no ring)

@: mighty
A: horns 2, retaliatory headbutt
a: no special abilities


You were on level 2 of the Dungeon.
You visited 1 branch of the dungeon, and saw 2 of its levels.

You collected 85 gold pieces.

Inventory:

Hand Weapons
 a - a +0 war axe (weapon)
Missiles
 o - a throwing net (quivered)
Armour
 b - a +0 scale mail (worn)
 c - a +0 buckler (worn)
Jewellery
 q - a +4 ring of protection (left hand)
Scrolls
 e - a scroll of acquirement {unknown}
 f - a scroll of immolation {unknown}
 h - a scroll of poison {unknown}
 i - a scroll of noise {unknown}
 j - 2 scrolls of identify {unknown}
 l - a scroll of blinking {unknown}
 m - a scroll of teleportation {unknown}
Potions
 g - 2 potions of invisibility {unknown}
 k - 3 potions of ambrosia {unknown}
 n - a potion of mutation {unknown}
 p - a potion of haste {unknown}


   Skills:
 + Level 4.0 Fighting
 * Level 3.4 Axes
 * Level 4.3 Armour
 - Level 3.6 Shields


You had 2 spell levels left.
You didn't know any spells.
Your spell library was empty.

Dungeon Overview and Level Annotations

Branches:
Dungeon (2/15)

Altars:

Annotations:
D:2 Sigmund


Innate Abilities, Weirdness & Mutations

You have a pair of horns on your head.
You reflexively headbutt those who attack you in melee.


Message History

The hobgoblin is severely wounded.
The hobgoblin closely misses you. You block the hobgoblin's attack.
Sigmund the Dreaded comes into view.
He is wielding a +0 scythe.
You closely miss the hobgoblin.
The hobgoblin is severely wounded.
You block the hobgoblin's attack.
You slash the hobgoblin!
You kill the hobgoblin!
Found a scroll labelled HURUACYETE.
A bat comes into view.
There are monsters nearby!
Found 16 gold pieces.
Sigmund closely misses you. The bat hits you but does no damage.
You block Sigmund's attack. You block the bat's attack.
The bat closely misses you. You furiously retaliate!
You headbutt the bat!
You kill the bat!
Sigmund hits you with a +0 scythe. Sigmund hits you with a +0 scythe.
You closely miss Sigmund. Your headbutt misses Sigmund.
You barely miss Sigmund.
Sigmund mumbles some strange words.
Sigmund flickers and vanishes!
Deactivating autopickup; reactivate with Ctrl-A.
Something hits you!
You barely miss something. Your headbutt misses something. Something hits you!
* * * LOW HITPOINT WARNING * * *
You closely miss something. Your headbutt misses something.
Something hits you but does no damage.
You feel very mighty all of a sudden.
You miss something. Something hits you but does no damage.
You barely miss something. Something hits you but does no damage.
You closely miss something. Your headbutt misses something. Something hits you.
* * * LOW HITPOINT WARNING * * *
You closely miss something. Something hits you.
* * * LOW HITPOINT WARNING * * *
You hit something. Your headbutt misses something.
You hear some strange, mumbled words.
A magic dart appears from out of thin air!
The magic dart hits you.
You die...

...#†[..................#
####....................#
#........####........#
#.......## ##......##
##......# #.....##
##.....# #......## .....#
##.......#
...####{.†.....#
.......@........#
................#
..........##....#
..........# ?#.##
........... ##.#
.....#....$. #
....###...#.# ...#
......#


There were no monsters in sight!

Vanquished Creatures
  2 dart slugs (D:1)
  2 bats (D:2)
  4 endoplasms
  2 goblins
  4 hobgoblins
  4 jackals (D:1)
  3 kobolds
  A ball python (D:2)
  3 frilled lizards
  3 rats
28 creatures vanquished.

Notes
Turn   | Place    | Note
-------+----------+-------------------------------------------
     0 | D:1      | Citaku the Minotaur Fighter began the quest for the Orb.
     0 | D:1      | Reached XP level 1. HP: 19/19 MP: 0/0
   201 | D:1      | Reached XP level 2. HP: 27/27 MP: 1/1
   217 | D:1      | Found a faded altar of an unknown god.
   910 | D:2      | Reached XP level 3. HP: 33/33 MP: 2/2
   971 | D:2      | Noticed Sigmund
   990 | D:2      | Killed from afar by Sigmund

Illustrated notes

Levels and vault maps discovered:
D:1:      nzn_arrival_depleted_hourglass, layout_basic,
          hellmonk_ecumenical_altar_crossroads
D:2:      layout_basic, chequers_decorated_corner, st_stairs_8,
          solitary_fountain, kennysheep_decorative_pillar, uniq_sigmund

Skill      XL: |  1  2 |
---------------+-------+-----
Armour         | 4 |  4.3
Axes           | 3 |  3.4
Fighting       | 4 |  4.0
Shields        | |  3.6

Action                   || total
-------------------------++-------
Melee: War axe           ||    59
       Headbutt          ||     6
  Use: Potion            ||     1
Armor: Scale mail        ||    29
Dodge: Dodged            ||    27
Block: Buckler           ||    28

Table legend: (Time is in decaauts)
 A = Elapsed time spent in this place.
 B = Non-inter-level travel time spent in this place.
 C = Inter-level travel time spent in this place.
 D = Time resting spent in this place.
 E = Time spent auto-exploring this place.
 F = Levels seen in this place.
 G = Mean time per level.
                   A        B        C        D        E       F      G
               +--------+--------+--------+--------+--------+-----+--------+
         Total |   1012 |   1012 |      0 |      0 |    733 |   2 |  506.0 |
       Dungeon |   1012 |   1012 |      0 |      0 |    733 |   2 |  506.0 |
               +--------+--------+--------+--------+--------+-----+--------+

Top non-repeatable levels by time:
     D:1: 815 daAuts
     D:2: 196 daAuts
